 Dungeon Crawl Stone Soup version 0.27-a0-1196-g3e9cee4cb2 (webtiles) character file.

Game seed: 15343561127713827710

42 Zonian the Conjurer (level 3, 24/24 HPs)
             Began as a Human Conjurer on May 30, 2021.
             Was a Follower of Zin.
             Quit the game on level 1 of the Dungeon.
             The game lasted 00:03:12 (2425 turns).

Zonian the Conjurer (Human Conjurer)                Turns: 2425, Time: 00:03:13

Health: 24/24      AC:  2    Str:  7    XL:     3   Next: 77%
Magic:  6/6        EV: 12    Int: 19    God:    Zin [*.....]
Gold:   42         SH:  0    Dex: 11    Spells: 3/6 levels left

rFire    . . .     SeeInvis .   c - +0 dagger
rCold    . . .     Faith    .   (no shield)
rNeg     . . .     Spirit   .   a - +0 robe
rPois    .         Reflect  .   (no helmet)
rElec    .         Harm     .   (no cloak)
rCorr    .         Rampage  .   (no gloves)
Will     .....                  (no boots)
Stlth    ++........             (no amulet)
HPRegen  0.08/turn              (no ring)
MPRegen  0.10/turn              (no ring)

@: no status effects
A: no striking features
a: Renounce Religion, Recite, Donate Gold


You were on level 1 of the Dungeon.
You worshipped Zin.
Zin was aware of your devotion.
You visited 1 branch of the dungeon, and saw 2 of its levels.

You collected 46 gold pieces.
You donated 4 gold pieces to Zin.

Inventory:

Hand Weapons
 b - a +0 whip
 c - a +0 dagger (weapon)
Armour
 a - a +0 robe (worn)
Scrolls
 f - a scroll of blinking {unknown}
 g - a scroll of acquirement {unknown}
 h - a scroll of enchant armour {unknown}
Potions
 d - a potion of ambrosia {unknown}
 e - 2 potions of heal wounds {unknown}


   Skills:
 + Level 2.1 Dodging
 + Level 2.1 Stealth
 + Level 2.4 Spellcasting
 + Level 4.8 Conjurations


You had 3 spell levels left.
You knew the following spells:

 Your Spells              Type           Power      Damage    Failure   Level
a - Magic Dart            Conj           80%        1d7       2%          1
b - Searing Ray           Conj           40%        3d4       3%          2

Your spell library contained the following spells:

 Spells                   Type           Power      Damage    Failure   Level
 Dazzling Flash           Conj/Hex       22%        N/A       19%         3
 Fulminant Prism          Conj/Hex       5%         3d7       52%         4
 Iskenderun's Mystic Bla  Conj/Tloc      11%        2d4       52%         4


Dungeon Overview and Level Annotations

Branches:
Dungeon (2/15)

Altars:
Zin

Annotations:
D:2 Terence


Message History

Unknown command.
Casting: Magic Dart (safe; 2% risk of failure)
Confirm with . or Enter, or press ? or * to list all spells.
Aiming: Magic Dart (safe; 2% risk of failure)
Press: ? - help, Shift-Dir - straight line, f/p - worm
Aim: a worm (moderately wounded, 100% to hit)
The magic dart hits the worm.
The worm is severely wounded.
Unknown command.
Casting: Magic Dart (safe; 2% risk of failure)
Confirm with . or Enter, or press ? or * to list all spells.
Aiming: Magic Dart (safe; 2% risk of failure)
Press: ? - help, Shift-Dir - straight line, f/p - worm
Aim: a worm (severely wounded, 100% to hit)
The magic dart hits the worm.
The worm is severely wounded.
Unknown command.
Casting: Magic Dart (safe; 2% risk of failure)
Confirm with . or Enter, or press ? or * to list all spells.
Aiming: Magic Dart (safe; 2% risk of failure)
Press: ? - help, Shift-Dir - straight line, f/p - worm
Aim: a worm (severely wounded, 100% to hit)
The magic dart hits the worm.
The worm is almost dead.
Unknown command.
Casting: Magic Dart (safe; 2% risk of failure)
Confirm with . or Enter, or press ? or * to list all spells.
Aiming: Magic Dart (safe; 2% risk of failure)
Press: ? - help, Shift-Dir - straight line, f/p - worm
Aim: a worm (almost dead, 100% to hit)
The magic dart hits the worm.
You kill the worm!
Unknown command.
You start resting.
Magic restored.
You start resting.
HP restored.
Unknown command.
Unknown command.
Are you sure you want to abandon this character and quit the game? (Confirm with "yes".)

#...# ### ###.### ## ..###
#.+.'.# .## ###.###.### .#
#.'#'.+#'.# .# #.###.###.# ##
##.##..# #.# .## #..##.## #.####
..#################.###.####.....
>...............@........w...####
...###########################
...# ...# ...# ...# ..## .## ##


There were no monsters in sight!

Vanquished Creatures
  A worm (D:1)
  A dart slug (D:1)
  2 endoplasms (D:1)
  7 giant cockroaches (D:1)
  A goblin (D:1)
  2 hobgoblins (D:1)
  2 quokkas
  6 ball pythons
  8 bats
  2 kobolds (D:1)
  2 rats (D:2)
34 creatures vanquished.

Notes
Turn   | Place    | Note
-------+----------+-------------------------------------------
     0 | D:1      | Zonian the Human Conjurer began the quest for the Orb.
     0 | D:1      | Reached XP level 1. HP: 13/13 MP: 3/3
   431 | D:1      | Reached XP level 2. HP: 19/19 MP: 1/5
  1091 | D:1      | You fall into a shaft and drop 1 floor!
  1096 | D:2      | Learned a level 2 spell: Searing Ray
  1123 | D:2      | Reached XP level 3. HP: 23/24 MP: 2/6
  1330 | D:2      | Noticed Terence
  2181 | D:1      | Found a faded altar of an unknown god.
  2200 | D:1      | Became a worshipper of Zin the Law-Giver
  2200 | D:1      | Reached * piety under Zin
  2425 | D:1      | Quit the game

Illustrated notes

Levels and vault maps discovered:
D:1:      erik_arrival_triangle_small, layout_rooms, basic_ecumenical_altar,
          minmay_worlds_worst_comb
D:2:      layout_basic, minivault_14, nrook_mini_backslash, uniq_robin,
          uniq_terence

Action                   || total
-------------------------++-------
Melee: Dagger            ||    15
       Whip              ||     3
 Cast: Magic Dart        ||    69
 Stab: Sleeping          ||     1
Armor: Robe              ||     3
Dodge: Dodged            ||    12

Table legend: (Time is in decaauts)
 A = Elapsed time spent in this place.
 B = Non-inter-level travel time spent in this place.
 C = Inter-level travel time spent in this place.
 D = Time resting spent in this place.
 E = Time spent auto-exploring this place.
 F = Levels seen in this place.
 G = Mean time per level.
                   A        B        C        D        E       F      G
               +--------+--------+--------+--------+--------+-----+--------+
         Total |   2425 |   2410 |     15 |   1186 |    978 |   2 | 1212.5 |
       Dungeon |   2425 |   2410 |     15 |   1186 |    978 |   2 | 1212.5 |
               +--------+--------+--------+--------+--------+-----+--------+

Top non-repeatable levels by time:
     D:1: 2178 daAuts
     D:2: 247 daAuts
